 Dungeon Crawl Stone Soup version 0.26-a0-935-g3624241d3c (webtiles) character file.

Game seed: 10882753447478700504

112988 sokol815 the Severer (level 16, -4/122 HPs)
             Began as a Demonspawn Fighter on Nov 27, 2020.
             Was an Initiate of Gozag.
             Shot with an arrow by a deep elf archer (23 damage)
             ... on level 12 of the Dungeon.
             The game lasted 01:25:31 (21869 turns).

sokol815 the Severer (Demonspawn Fighter)          Turns: 21869, Time: 01:25:34

Health: -4/122     AC: 21    Str: 20    XL:     16   Next: 13%
Magic:  16/16      EV: 12    Int: 12    God:    Gozag
Gold:   1545       SH:  0    Dex: 17    Spells: 15/15 levels left

rFire    + + .     SeeInvis .   a - +7 battleaxe (pain)
rCold    + + .     Faith    .   (shield currently unavailable)
rNeg     + . .     Spirit   .   z - +1 chain mail "Kuth" {rF+ rN+ MR+ Regen+} (curse)
rPois    .         Reflect  .   o - +2 hat {Int+3}
rElec    .         Harm     .   G - +2 cloak
rCorr    .         Rampage  .   (no gloves)
MR       ++...     Clarity  +   (boots unavailable)
Stlth    ..........             K - amulet of regeneration
HPRegen  1.10/turn              Z - ring of protection from cold
MPRegen  0.15/turn              y - ring of protection from fire

@: gold aura
A: talons 3, icy blue scales 3, clarity, powered by pain 1, spiny 3
a: Potion Petition, Call Merchant, Bribe Branch, Renounce Religion


You were on level 12 of the Dungeon.
You worshipped Gozag.
Gozag was most pleased with you.
You visited 3 branches of the dungeon, and saw 19 of its levels.
You also visited: Sewer.

You collected 5732 gold pieces.
You spent 500 gold pieces at shops.
You paid 3687 gold pieces to Gozag.

Inventory:

Hand Weapons
 a - a +7 battleaxe of pain (weapon)
 b - the +12 rapier of Umemiuph {antimagic, +Blink rF- rC+}
   (You found it on level 5 of the Lair of Beasts)

   It reduces the magical energy of the wielder, and disrupts the spells and
   magical abilities of those hit.
   Natural abilities and divine invocations are not affected.
   It makes you vulnerable to fire.
   It protects you from cold.
   It lets you blink.
 c - the +9 arbalest of Vyrhe {elec, rC+ Str+3}
   (You found it on level 6 of the Lair of Beasts)

   It charges the ammunition it shoots with electricity; occasionally upon a
   hit, such missiles may discharge and cause terrible harm.
   It affects your strength (+3).
   It protects you from cold.
 w - the +6 dagger of the Fray {vorpal, rElec Dex+2}
   (You found it on level 6 of the Dungeon)

   It inflicts extra damage upon your enemies.
   It affects your dexterity (+2).
   It insulates you from electricity.
Missiles
 l - 167 bolts
 E - 41 poisoned darts (quivered)
Armour
 o - a +2 hat of intelligence (worn)
 z - the cursed +1 chain mail "Kuth" (worn) {rF+ rN+ MR+ Regen+}
   (You found it on level 2 of the Lair of Beasts)

   It protects you from fire.
   It protects you from negative energy.
   It affects your resistance to hostile enchantments.
   It increases your rate of regeneration.
   It has a curse placed upon it.
 G - a +2 cloak (worn)
 R - a +0 ring mail of poison resistance
 S - a +2 kite shield
Jewellery
 d - an uncursed amulet of guardian spirit {unknown}
 s - an uncursed amulet of the acrobat
 y - a ring of protection from fire (right hand)
 J - the ring "Ricwim" {rF+ Dex+3 Slay-3 SInv}
   (You found it on level 10 of the Dungeon)

   [ring of see invisible]

   It affects your dexterity (+3).
   It affects your accuracy and damage with ranged weapons and melee attacks
   (-3).
   It protects you from fire.
   It lets you see invisible.
 K - an amulet of regeneration (around neck)
 L - an uncursed amulet of magic regeneration {unknown}
 O - an uncursed amulet of reflection
 P - an uncursed amulet of faith {unknown}
 Z - a ring of protection from cold (left hand)
Wands
 n - a wand of random effects (55)
 x - a wand of disintegration (26)
 D - a wand of flame (26)
 H - a wand of polymorph (5)
 I - a wand of acid (16)
 M - a wand of digging (10)
Scrolls
 h - 4 scrolls of fog
 i - 2 scrolls of blinking
 j - a scroll of fear
 r - 3 scrolls of amnesia
 v - 2 scrolls of summoning
 A - 8 scrolls of remove curse
 B - 6 scrolls of teleportation
 F - 3 scrolls of immolation
 N - 3 scrolls of magic mapping
 X - 3 scrolls of torment
Potions
 f - 4 potions of cancellation
 g - a potion of berserk rage
 k - 6 potions of lignification
 p - 3 potions of haste
 q - 4 potions of flight
 t - 13 potions of curing
 C - 7 potions of brilliance
 Q - a potion of ambrosia
 U - 6 potions of attraction
 V - a potion of mutation
 Y - 2 potions of resistance
Miscellaneous
 T - a tin of tremorstones (2/2)


   Skills:
 - Level 10.0 Fighting
 - Level 4.0 Short Blades
 + Level 17.9 Axes
 * Level 7.6 Crossbows
 - Level 8.0 Armour
 - Level 8.0 Dodging
 - Level 2.6 Shields
 - Level 6.0 Evocations


You had 15 spell levels left.
You didn't know any spells.
Your spell library contained the following spells:

 Spells                   Type           Power        Failure   Level
 Animate Skeleton         Necr           #.....       95%         1
 Apportation              Tloc           #.....       95%         1
 Corona                   Hex            #......      95%         1
 Magic Dart               Conj           #...         95%         1
 Sandblast                Erth           #.....       95%         1
 Summon Small Mammal      Summ           #...         95%         1
 Blink                    Tloc           N/A          98%         2
 Call Imp                 Summ           #.......     98%         2
 Corpse Rot               Necr/Air       N/A          98%         2
 Passwall                 Tmut/Erth      #.......     98%         2
 Poisonous Vapours        Pois/Air       #.....       98%         2
 Slow                     Hex            #.......     98%         2
 Sublimation of Blood     Necr           #.........   98%         2
 Conjure Flame            Conj/Fire      #.......     100%        3
 Mephitic Cloud           Conj/Pois/Air  #.......     100%        3
 Stone Arrow              Conj/Erth      #.....       100%        3
 Dispel Undead            Necr           #.......     100%        4
 Petrify                  Tmut/Erth      #.......     100%        4
 Agony                    Necr           #.......     100%        5
 Excruciating Wounds      Necr           #.........   100%        5
 Irradiate                Conj/Tmut      #.........   100%        5
 Lee's Rapid Deconstruct  Erth           #.........   100%        5
 Freezing Cloud           Conj/Ice/Air   #.........   100%        6
 Hydra Form               Tmut           #.........   100%        6
 Statue Form              Tmut/Erth      #........    100%        6
 Dragon Form              Tmut           #.........   100%        7


Dungeon Overview and Level Annotations

Branches:
Dungeon (12/15)            Temple (1/1) D:5            Lair (6/6) D:9
  Swamp (0/4) Lair:3       Spider (0/4) Lair:2        Slime (0/5) Lair:5
    Orc (0/2) D:9           Sewer (visited)

Altars:
Ashenzari
Cheibriados
Elyvilon
Fedhas
Gozag
Hepliaklqana
Kikubaaqudgha
Makhleb
Nemelex Xobeh
Okawaru
Qazlal
Ru
Sif Muna
Trog
Uskayaw
Vehumet
Wu Jian
Xom
Yredelemnul
Zin
The Shining One
Beogh
Jiyva

Shops:
D:5 }   D:8 =   D:9 ([   Lair:3 (

Annotations:
Lair:5 exclusion: 2 oklob plants


Innate Abilities, Weirdness & Mutations

You have claws for feet.
You are completely covered in icy blue scales. (AC +4, rC+)
You sometimes gain a little power by taking damage.
You are completely covered in sharp spines.
You possess an exceptional clarity of mind.


Message History

The arrow hits you!!
* * * LOW HITPOINT WARNING * * *
You slash the deep elf mage! Your kick misses the deep elf mage.
The deep elf mage is almost dead.
You barely miss the wight.
The deep elf mage hits you but does no damage.
The wight hits you but does no damage.
You closely miss the deep elf mage.
The deep elf mage is almost dead.
You closely miss the wight.
The deep elf archer shoots an arrow.
The arrow hits you!
* * * LOW HITPOINT WARNING * * *
The deep elf mage hits you but does no damage.
You slash the deep elf mage!
You kill the deep elf mage!
You slash the wight!
You destroy the wight!
The deep elf archer shoots an arrow.
The arrow hits you!!
You die...
Your body crumbles into a pile of gold.

.....#....# ..##)#....#.
.....#.#..#.. $
.....#....#..# ####
.....#....#... .....
.>.....#..#.... ....
....#.....###..######?.###
..####....#....$$.........
#.####.#..#....$@........
[.........#..####....###
#.###.....# #.$..# #.#
#..#..# #..e.# #
#.....########''###### #
###......(.............. #
#.............).)....... #
+........#..#)(#..#..#..
###..[........)().........


You could see a deep elf archer (repels missiles).

Vanquished Creatures
  Rupert (D:12)
  Gastronok (Lair:2)
  Nessos (Lair:4)
  4 boulder beetles
  Fannar (Lair:2)
  Josephine (D:11)
  5 two-headed ogres
  4 hydras
  16 death yaks
  A deep elf knight (D:12)
  Sonja (D:10)
  Nergalle (D:11)
  9 deep elf magi (D:12)
  2 manticores
  A cyclops (D:11)
  19 elephants
  9 black mambas
  A gargoyle (D:12)
  20 cane toads
  3 rime drakes
  A tengu conjurer (D:8)
  15 komodo dragons
  A troll (D:10)
  2 polar bears (Lair:2)
  A jumping spider (Lair:2)
  4 tyrant leeches (Lair:6)
  30 blink frogs
  3 spriggans (Lair:5)
  3 wraiths (D:11)
  17 yaks
  A redback (Lair:2)
  2 wyverns (Lair:6)
  8 basilisks
  A steam dragon (D:8)
  Menkaure (D:4)
  6 vampire mosquitoes (Lair:6)
  2 swamp worms (Lair:3)
  15 water moccasins
  Duvessa (D:7)
  4 sky beasts
  A swamp drake (Lair:2)
  A black bear (D:9)
  9 orc warriors
  7 ice beasts
  2 phantoms
  10 ogres
  8 centaurs
  22 wolves
  6 big kobolds
  34 bullfrogs
  A gnoll sergeant (D:8)
  5 scorpions
  A water moccasin zombie (D:7)
  A water moccasin skeleton (D:8)
  Dowan (D:7)
  A killer bee (D:8)
  5 wights
  4 electric eels
  6 howler monkeys
  2 centaur zombies (D:12)
  A quasit (D:8)
  2 bullfrog zombies (D:6)
  6 hounds
  3 bullfrog skeletons
  9 orc priests
  4 jellies
  9 orc wizards
  Jessica (D:2)
  17 iguanas
  Terence (D:2)
  6 hell rats (Lair:2)
  10 worker ants
  2 hound skeletons
  A worker ant zombie (D:6)
  10 gnolls
  14 adders
  7 river rats
  3 shadow imps
  3 white imps
  3 ufetubi
  An ooze (D:1)
  An adder zombie (D:6)
  An adder skeleton (D:6)
  3 worms (D:2)
  2 dart slugs
  13 leopard geckos
  54 orcs
  10 ball pythons
  4 bats
  2 giant cockroaches
  8 goblins
  3 hobgoblins (D:3)
  11 jackals
  5 quokkas
  12 frilled lizards
  A jackal skeleton (D:8)
  42 kobolds
  A leopard gecko skeleton (D:8)
  33 rats
  A bush (Lair:6)
666 creatures vanquished.

Vanquished Creatures (others)
  An iguana (Lair:2)
  A quokka (D:8)
  2 frilled lizards (Lair:2)
  3 bushes
  77 fungi
  161 plants
245 creatures vanquished.

Grand Total: 911 creatures vanquished

Notes
Turn   | Place    | Note
-------+----------+-------------------------------------------
     0 | D:1      | sokol815 the Demonspawn Fighter began the quest for the
                  | Orb.
     0 | D:1      | Reached XP level 1. HP: 18/18 MP: 1/1
    12 | D:1      | Found an ornate altar of the Wu Jian Council.
    89 | D:1      | Reached skill level 2 in Axes
   219 | D:1      | Gained mutation: You are partially covered in sharp spines.
                  | [demonic ancestry]
   219 | D:1      | Reached XP level 2. HP: 24/24 MP: 2/2
   794 | D:2      | Noticed Terence
   801 | D:2      | Reached XP level 3. HP: 29/29 MP: 3/3
   806 | D:2      | Killed Terence
   807 | D:2      | Reached skill level 1 in Dodging
   964 | D:2      | Noticed Jessica
   973 | D:2      | Killed Jessica
   974 | D:2      | Reached skill level 3 in Axes
   974 | D:2      | Gained mutation: You are partially covered in icy blue
                  | scales. (AC +2) [demonic ancestry]
   974 | D:2      | Reached XP level 4. HP: 34/35 MP: 4/4
  1823 | D:3      | Gained mutation: You are mostly covered in icy blue scales.
                  | (AC +3) [demonic ancestry]
  1823 | D:3      | Reached XP level 5. HP: 33/42 MP: 5/5
  2266 | D:3      | Found a shimmering altar of Xom.
  2822 | D:4      | Gained mutation: You are mostly covered in sharp spines.
                  | [demonic ancestry]
  2822 | D:4      | Reached XP level 6. HP: 31/48 MP: 6/6
  2931 | D:4      | Noticed Menkaure
  2938 | D:4      | Killed Menkaure
  2939 | D:4      | Reached skill level 4 in Axes
  2957 | D:4      | Found a glowing drain.
  2967 | Sewer    | Entered a sewer
  3267 | Sewer    | Reached XP level 7. HP: 55/55 MP: 7/7
  4009 | D:5      | Entered Level 5 of the Dungeon
  4093 | D:4      | Reached skill level 5 in Axes
  4382 | D:5      | Reached skill level 5 in Fighting
  4448 | D:5      | Reached XP level 8. HP: 62/62 MP: 8/8
  4609 | D:5      | Found Jaiffa's Gadget Emporium.
  4621 | D:5      | Reached skill level 6 in Axes
  4670 | D:5      | Found a staircase to the Ecumenical Temple.
  4691 | Temple   | Entered the Ecumenical Temple
  4816 | Temple   | Became a worshipper of Gozag Ym Sagoz the Greedy
  5119 | D:5      | Reached skill level 5 in Armour
  5761 | D:6      | Got a masterwork dagger
  5762 | D:6      | Identified the +6 dagger of the Fray {vorpal, rElec Dex+2}
                  | (You found it on level 6 of the Dungeon)
  5848 | D:6      | Reached skill level 7 in Axes
  5854 | D:6      | Reached XP level 9. HP: 68/69 MP: 9/9
  6141 | D:6      | Found a glowing silver altar of Zin.
  6286 | D:7      | Noticed Duvessa
  6381 | D:7      | Found a stormy altar of Qazlal.
  6382 | D:7      | Gained mutation: You possess an exceptional clarity of
                  | mind. [potion of mutation]
  6382 | D:7      | Gained mutation: You have sharp toenails. [potion of
                  | mutation]
  6455 | D:7      | Reached skill level 5 in Dodging
  6457 | D:7      | Noticed Dowan
  6470 | D:7      | Killed Dowan
  6882 | D:6      | Reached skill level 8 in Axes
  6929 | D:7      | Killed Duvessa
  7287 | D:7      | Found a sacrificial altar of Ru.
  7916 | D:8      | Noticed a two-headed ogre
  7926 | D:8      | Killed a two-headed ogre
  7927 | D:8      | Mutation became permanent: You have sharp toenails.
                  | [demonic ancestry]
  7927 | D:8      | Gained mutation: You have sharp toenails. [demonic
                  | ancestry]
  7927 | D:8      | Reached XP level 10. HP: 35/79 MP: 10/10
  8467 | D:8      | Reached skill level 9 in Axes
  8653 | D:8      | Found a stormy altar of Qazlal.
  8653 | D:8      | Found a sparkling altar of Nemelex Xobeh.
  8654 | D:8      | Found a hide-covered altar of Uskayaw.
  9108 | D:9      | Noticed a two-headed ogre
  9166 | D:9      | Found a staircase to the Lair.
  9176 | D:8      | Bought an uncursed ring of see invisible for 225 gold
                  | pieces
  9257 | D:9      | Killed a two-headed ogre
  9335 | D:9      | Found a roughly hewn altar of Beogh.
  9335 | D:9      | Found a staircase to the Orcish Mines.
  9411 | D:9      | Reached skill level 10 in Axes
  9635 | D:9      | Found an ancient bone altar of Kikubaaqudgha.
  9823 | D:9      | Noticed a two-headed ogre
  9902 | D:9      | Gained mutation: You are completely covered in icy blue
                  | scales. (AC +4, rC+) [demonic ancestry]
  9902 | D:9      | Reached XP level 11. HP: 82/86 MP: 11/11
 10404 | D:10     | Entered Level 10 of the Dungeon
 10464 | D:10     | Found a shimmering blue altar of Sif Muna.
 10488 | D:10     | Noticed Sonja
 10501 | D:10     | Killed Sonja
 10690 | D:10     | Noticed a two-headed ogre
 10704 | D:10     | Killed a two-headed ogre
 10932 | D:10     | Got a transparent brass ring
 10934 | D:10     | Identified the ring "Ricwim" {rF+ Dex+3 Slay-3 SInv} (You
                  | found it on level 10 of the Dungeon)
 11097 | D:10     | Killed a two-headed ogre
 11282 | Lair:1   | Entered Level 1 of the Lair of Beasts
 11494 | Lair:1   | Reached skill level 11 in Axes
 12600 | Lair:2   | Noticed a boulder beetle
 12619 | Lair:2   | Killed a boulder beetle
 12620 | Lair:2   | Gained mutation: You sometimes gain a little power by
                  | taking damage. [demonic ancestry]
 12620 | Lair:2   | Reached XP level 12. HP: 33/97 MP: 12/12
 12739 | Lair:2   | Noticed Gastronok
 12753 | Lair:2   | Killed Gastronok
 12754 | Lair:2   | Reached skill level 10 in Fighting
 12754 | Lair:2   | Reached skill level 12 in Axes
 13012 | Lair:2   | Noticed Fannar
 13139 | Lair:2   | Noticed a boulder beetle
 13188 | Lair:2   | Killed a boulder beetle
 13303 | Lair:2   | Found a hole to the Spider Nest.
 13465 | Lair:2   | Reached skill level 13 in Axes
 13570 | Lair:2   | Got a translucent chain mail
 13581 | Lair:2   | Identified the cursed +1 chain mail "Kuth" {rF+ rN+ MR+
                  | Regen+} (You found it on level 2 of the Lair of Beasts)
 13686 | Lair:2   | Killed Fannar
 13924 | Lair:2   | Got a jewelled scimitar
 13926 | Lair:2   | Identified the +5 scimitar of the Beginning {antimagic, rF+
                  | Int+2 Dex+8} (You found it on level 2 of the Lair of
                  | Beasts)
 14003 | Lair:2   | Noticed a boulder beetle
 14060 | Lair:2   | Killed a boulder beetle
 14475 | Lair:3   | Reached skill level 14 in Axes
 14646 | Lair:3   | Bought a runed battleaxe for 275 gold pieces
 14728 | Lair:3   | Noticed a five-headed hydra
 14778 | Lair:3   | Reached XP level 13. HP: 92/103 MP: 13/13
 14845 | Lair:3   | Reached skill level 1 in Evocations
 15491 | Lair:3   | Found a staircase to the Swamp.
 16102 | Lair:4   | Noticed Nessos
 16115 | Lair:4   | Killed Nessos
 16786 | Lair:3   | Reached skill level 15 in Axes
 16971 | Lair:4   | Reached skill level 5 in Evocations
 17046 | Lair:5   | Found a viscous altar of Jiyva.
 17046 | Lair:5   | Found a staircase to the Slime Pits.
 17423 | Lair:5   | Got a translucent rapier
 17429 | Lair:5   | Identified the +12 rapier of Umemiuph {antimagic, +Blink
                  | rF- rC+} (You found it on level 5 of the Lair of Beasts)
 17702 | Lair:5   | Reached skill level 1 in Short Blades
 18283 | Lair:6   | Entered Level 6 of the Lair of Beasts
 18384 | Lair:6   | Gained mutation: You have razor-sharp toenails. [demonic
                  | ancestry]
 18384 | Lair:6   | Reached XP level 14. HP: 84/110 MP: 14/14
 18436 | Lair:6   | Reached skill level 16 in Axes
 18981 | Lair:6   | Reached skill level 17 in Axes
 20137 | Lair:6   | Got a fine arbalest
 20138 | Lair:6   | Identified the +9 arbalest of Vyrhe {elec, rC+ Str+3} (You
                  | found it on level 6 of the Lair of Beasts)
 20419 | D:11     | Found a bloodstained altar of Trog.
 20467 | D:11     | Reached skill level 1 in Crossbows
 20659 | D:11     | Noticed Nergalle
 20666 | D:11     | Killed Nergalle
 20718 | D:11     | Found a glowing golden altar of the Shining One.
 20718 | D:11     | Noticed Josephine
 20725 | D:11     | Killed Josephine
 21243 | D:12     | Found a shimmering blue altar of Sif Muna.
 21479 | D:12     | Noticed Rupert
 21500 | D:12     | Killed Rupert
 21501 | D:12     | Gained mutation: You are completely covered in sharp
                  | spines. [demonic ancestry]
 21501 | D:12     | Reached XP level 15. HP: 28/115 MP: 15/15
 21787 | D:12     | Gained mutation: You have claws for feet. [demonic
                  | ancestry]
 21787 | D:12     | Reached XP level 16. HP: 122/122 MP: 16/16
 21869 | D:12     | Shot with an arrow by a deep elf archer

Illustrated notes

Levels and vault maps discovered:
D:1:      tarquinn_simple_flora_water_e, layout_loops_cross,
          kennysheep_flooded_box, minmay_misc_feat_alley
D:2:      layout_basic, uniq_jessica, uniq_terence
D:3:      layout_loops_cross, minmay_statues_item, tgw_xom
D:4:      layout_basic, serial_aquarium, aquarium_bridge_square
          [aquarium_subvault_window, aquarium_subvault_bridge,
          aquarium_subvault_wall, aquarium_subvault_bridge],
          aquarium_window_corridor_2, aquarium_window_2, aquarium_window_double,
          aquarium_view_2d, portal_sewer_entry_d, uniq_menkaure
D:5:      layout_rooms, minmay_temple_entry_antechambers, serial_shops, shop,
          lemuel_another_geyser
D:6:      layout_cave_pools, zin_treasury
D:7:      layout_basic, grunt_dithmenos_shadows, nicolae_overflow_hidden_temple,
          basic_altar, kb_lookout_dungeons_type, uniq_duvessa
D:8:      kennysheep_windowed_halls, layout_loops_cross, minitemple,
          roderic_lattice_a, grunt_ministairs_13
D:9:      layout_basic, nicolae_overflow_crystal_walls, dpeg_oklobed_lair,
          david_orc_5
D:10:     layout_cave_pools, serial_park, serial_park_fountain,
          serial_park_square2, serial_park_tiny_pond, item_on_display_a,
          uniq_sonja
D:11:     layout_basic, basic_altar, tso_metal_star, uniq_josephine,
          uniq_nergalle
D:12:     minmay_elf_outpost, layout_basic, basic_altar, uniq_rupert
Temple:   eino_wide_crystal_templ
Lair:1:   layout_regular_city
Lair:2:   lemuel_reptile_caves, layout_loops_ring, spider_nest_entry_a,
          kennysheep_abandoned_house, uniq_fannar, uniq_gastronok
Lair:3:   layout_regular_city, palyth_hydra_swamp_entry,
          chequers_serial_rivers_room_b
Lair:4:   layout_layer_cave, serial_bayou_shore_b, grunt_megastairs_3,
          serial_bayou_shore_a, uniq_nessos
Lair:5:   layout_regular_city, slime_altar_1, chequers_serial_rivers_micro_c,
          wad_woods_02, minmay_lair_oklob_chamber
Lair:6:   minmay_lair_end_frog_pond, layout_regular_city, lemuel_fruit_tree

Skill      XL: |  1  2  3  4  5  6  7  8  9 10 11 12 13 14 15 |
---------------+----------------------------------------------+-----
Axes           | 2 3 4 5 7 8 10 11 14 15 17 | 17.9
Armour         | 3 4 5 6 7 8 |  8.0
Dodging        | 1 2 3 4 5 6 8 |  8.0
Fighting       | 4 5 6 7 8 9 10 | 10.0
Evocations     | 6 |  6.0
Short Blades   | 3 4 |  4.0
Crossbows      | 4 7 |  7.6
Shields        | |  2.6

Action                   |  1- 3 |  4- 6 |  7- 9 | 10-12 | 13-15 | 16-18 || total
-------------------------+-------+-------+-------+-------+-------+-------++-------
Melee: War axe           |    53 |   135 |   323 |   764 |       |       ||  1275
       Dagger            |       |       |       |    31 |     6 |       ||    37
       Battleaxe         |       |       |       |    13 |   598 |    41 ||   652
       Rapier            |       |       |       |       |    10 |       ||    10
       Scimitar          |       |       |       |       |     1 |       ||     1
       Kick              |       |       |       |       |       |    14 ||    14
 Fire: Arbalest          |       |       |       |       |    15 |       ||    15
Throw: Dart              |       |       |     3 |    27 |    27 |       ||    57
Invok: Call Merchant     |       |       |       |     3 |     1 |       ||     4
       Potion Petition   |       |       |       |       |     1 |       ||     1
Evoke: Wand              |       |       |     7 |    29 |    24 |       ||    60
  Use: Scroll            |       |     9 |     6 |    14 |    12 |       ||    41
       Potion            |       |     2 |     7 |     9 |     1 |       ||    19
 Stab: Distracted        |       |       |       |     2 |     7 |       ||     9
       Paralysed         |       |       |       |    12 |     5 |       ||    17
Armor: Scale mail        |    19 |    43 |    51 |       |       |       ||   113
       Plate armour      |       |       |   109 |    32 |       |       ||   141
       Ring mail         |       |       |       |   164 |       |       ||   164
       Chain mail        |       |       |       |    64 |   277 |    23 ||   364
Dodge: Dodged            |    20 |    36 |    88 |   269 |   273 |    11 ||   697
Block: Kite shield       |    28 |    66 |   158 |   286 |       |       ||   538

Table legend: (Time is in decaauts)
 A = Elapsed time spent in this place.
 B = Non-inter-level travel time spent in this place.
 C = Inter-level travel time spent in this place.
 D = Time resting spent in this place.
 E = Time spent auto-exploring this place.
 F = Levels seen in this place.
 G = Mean time per level.
                   A        B        C        D        E       F      G
               +--------+--------+--------+--------+--------+-----+--------+
         Total |  22111 |  20770 |   1341 |   3165 |  12384 |  20 | 1105.6 |
       Dungeon |  12182 |  11395 |    787 |   1951 |   6728 |  12 | 1015.2 |
        Temple |    132 |    111 |     21 |      0 |    110 |   1 |  132.0 |
          Lair |   9065 |   8532 |    533 |   1095 |   5130 |   6 | 1510.8 |
         Sewer |    730 |    730 |      0 |    118 |    415 |   1 |  730.0 |
               +--------+--------+--------+--------+--------+-----+--------+

Top non-repeatable levels by time:
  Lair:2: 1895 daAuts
  Lair:6: 1674 daAuts
     D:8: 1669 daAuts
  Lair:4: 1476 daAuts
  Lair:3: 1435 daAuts
     D:9: 1392 daAuts
  Lair:5: 1388 daAuts
  Lair:1: 1195 daAuts
     D:4: 1141 daAuts
     D:7: 1044 daAuts
     D:2: 1036 daAuts
     D:5: 1012 daAuts
     D:6: 986 daAuts
    D:10: 875 daAuts
     D:1: 810 daAuts
